 Dungeon Crawl Stone Soup version 0.28-b1-25-g9875b3fc8c (webtiles) character file.

Game seed: 1235889172904158523

115 pkoi the Shooter (level 4, -1/37 HPs)
             Began as a Minotaur Hunter on Feb 1, 2022.
             Was a Follower of Qazlal.
             Succumbed to a kobold brigand's poison
             ... in a sewer.
             The game lasted 00:02:16 (2304 turns).

pkoi the Shooter (Minotaur Hunter)                  Turns: 2304, Time: 00:02:17

Health: -1/37      AC:  3    Str: 18    XL:     4   Next: 68%
Magic:  4/4        EV: 11    Int:  8    God:    Qazlal [*.....]
Gold:   109        SH:  2    Dex: 11    Spells: 3/3 levels left

rFire   . . .      SeeInvis .   a - +1 shortbow
rCold   . . .      Faith    .   (shield currently unavailable)
rNeg    . . .      Spirit   .   c - +0 leather armour
rPois   .          Reflect  .   (helmet restricted)
rElec   .          Harm     .   (no cloak)
rCorr   .          Rampage  .   (no gloves)
Will    .....                   (no boots)
Stlth   +.........              (no amulet)
HPRegen 0.12/turn               (no ring)
MPRegen 0.09/turn               (no ring)

@: lethally poisoned (-1 -> -10), very slow
A: horns 2, retaliatory headbutt
a: Renounce Religion


You were in a sewer.
You worshipped Qazlal.
Qazlal was aware of your devotion.
You visited 1 branch of the dungeon, and saw 3 of its levels.
You also visited: Sewer.

You collected 109 gold pieces.

Inventory:

Hand Weapons
 a - a +1 shortbow (weapon)
 b - a +0 short sword
Missiles
 d - 25 arrows (quivered ammo)
Armour
 c - a +0 leather armour (worn)
 l - the +1 chain mail of the Special Wars {Harm Dex+3}
   (You found it on level 2 of the Dungeon)

   Dex:       It affects your dexterity (+3).
   Harm:      It increases damage dealt and taken.
Scrolls
 e - a scroll of holy word {unknown}
 f - 2 scrolls of vulnerability {unknown}
 g - 2 scrolls of identify {unknown}
 i - a scroll of enchant armour {unknown}
Potions
 h - a potion of curing {unknown}
 j - 2 potions of magic
 k - a potion of invisibility {unknown}


   Skills:
 - Level 2.4 Fighting
 + Level 6.0 Bows
 - Level 2.1 Dodging
 - Level 1.9 Stealth
 + Level 1.4 Invocations


You had 3 spell levels left.
You didn't know any spells.
Your spell library contained the following spells:

 Spells                   Type           Power      Damage    Failure   Level
 Magic Dart               Conj           0%         1d3       45%         1
 Call Imp                 Summ           0%         N/A       61%         2
 Mephitic Cloud           Conj/Pois/Air  0%         N/A       83%         3
 Tukima's Dance           Hex            0%         N/A       83%         3
 Passage of Golubria      Tloc           0%         N/A       99%         4
 Yara's Violent Unravell  Hex/Tmut       0%         3d3       100%        5


Dungeon Overview and Level Annotations

Branches:
Dungeon (3/15)              Sewer (1/1)

Altars:
Ashenzari
Qazlal
Trog
Vehumet
Wu Jian


Innate Abilities, Weirdness & Mutations

You have a pair of horns on your head.
You reflexively headbutt those who attack you in melee.


Message History

Fire: 28 arrows
Press: ? - help, Q - select action Shift-Dir - straight line, f/p - kobold brigand
Aim: a kobold brigand, wielding a +0 whip and quivering poisoned darts (lightly wounded, 55% to hit)
You shoot an arrow.
The arrow closely misses the kobold brigand.
The arrow hits the kobold brigand but does no damage.
The kobold brigand is lightly wounded.
You hear a splash.
The kobold hits you with a +0 short sword.
The kobold brigand hits you with a +0 dagger.
* * * LOW HITPOINT WARNING * * *
Fire: 27 arrows
Press: ? - help, Q - select action Shift-Dir - straight line, f/p - kobold brigand
Aim: a kobold brigand, wielding a +0 whip and quivering poisoned darts (lightly wounded, 55% to hit)
You shoot an arrow. The arrow misses the kobold brigand.
The arrow hits the kobold brigand.
The kobold brigand is moderately wounded.
You hear a splash.
The kobold hits you with a +0 short sword.
* * * LOW HITPOINT WARNING * * *
The kobold brigand hits you with a +0 dagger.
* * * LOW HITPOINT WARNING * * *
The kobold hits you with a +0 short sword.
* * * LOW HITPOINT WARNING * * *
You enter the shallow water.
Moving in this stuff is going to be slow.
The kobold brigand throws a poisoned dart.
The poisoned dart hits you!
You are lethally poisoned!
Unknown command.
Fire: 26 arrows
Press: ? - help, Q - select action Shift-Dir - straight line, f/p - kobold brigand
Aim: a kobold brigand, wielding a +0 whip and quivering poisoned darts (moderately wounded, 55% to hit)
You shoot an arrow. The arrow closely misses the kobold.
The arrow hits the kobold brigand.
The kobold brigand is heavily wounded.
* * * LOW HITPOINT WARNING * * *
You feel very sick.
It was a potion of magic.
Magic courses through your body.
You die...

#≈# #≈# #≈# #≈# #≈# #≈# #≈#
#≈# #@# #########≈##
#.≈..)..K≈.#######
#.≈((≈(KK≈...≈...#######
#≈(≈≈≈≈≈≈≈≈≈≈≈≈≈≈≈≈≈≈≈≈#
....≈≈≈≈≈≈≈≈≈≈≈≈≈≈≈≈≈≈≈≈≈≈#
.(#≈≈≈≈≈≈≈≈≈≈≈≈≈≈≈≈≈≈≈≈≈###
. #..≈≈≈≈≈≈≈.......######
#...≈...≈≈.###.###


You could see 2 kobold brigands and a kobold.

Vanquished Creatures
  An adder (D:3)
  A gnoll (D:1)
  A river rat (Sewer)
  A shadow imp (D:3)
  A worm (D:2)
  2 dart slugs
  An orc (D:3)
  4 ball pythons
  4 bats
  5 endoplasms
  5 giant cockroaches
  3 goblins
  9 hobgoblins
  5 jackals
  7 kobolds
  4 quokkas
  A frilled lizard (D:1)
  8 rats
63 creatures vanquished.

Notes
Turn   | Place    | Note
-------+----------+-------------------------------------------
     0 | D:1      | pkoi the Minotaur Hunter began the quest for the Orb.
     0 | D:1      | Reached XP level 1. HP: 18/18 MP: 0/0
   110 | D:1      | Reached skill level 1 in Stealth
   116 | D:1      | Reached XP level 2. HP: 22/25 MP: 1/1
   360 | D:1      | Reached skill level 5 in Bows
   558 | D:1      | Reached XP level 3. HP: 11/30 MP: 2/2
   753 | D:1      | Found a faded altar of an unknown god.
  1364 | D:2      | Found a radiant altar of Vehumet.
  1576 | D:2      | Identified the +1 chain mail of the Special Wars {Harm
                  | Dex+3}
  1604 | D:1      | Prayed at the altar of an unknown god.
  1604 | D:1      | Became a worshipper of Qazlal Stormbringer
  1604 | D:1      | Reached * piety under Qazlal
  1901 | D:3      | Found an ornate altar of the Wu Jian Council.
  1930 | D:3      | Reached XP level 4. HP: 30/37 MP: 3/3
  2007 | D:3      | Found a bloodstained altar of Trog.
  2035 | D:3      | Found a broken altar of Ashenzari.
  2107 | D:3      | Reached skill level 1 in Invocations
  2115 | D:3      | Found a glowing drain.
  2145 | Sewer    | Entered a sewer
  2283 | Sewer    | Noticed a kobold brigand
  2290 | Sewer    | Reached skill level 6 in Bows
  2291 | Sewer    | Noticed a kobold brigand
  2303 | Sewer    | HP: 1/37 [poisoned by a kobold brigand]
  2304 | Sewer    | Succumbed to a kobold brigand's poison

Illustrated notes

Levels and vault maps discovered:
D:1:      mainiacjoe_arrival_reflecting_pool, layout_rooms,
          shapermc_ecumenical_altar_notcrosses
D:2:      layout_loops_ring, basic_altar
D:3:      layout_basic, mainiacjoe_overflow_cross_hatched, pf_just_have_faith,
          grunt_gozag_breadcrumbs, lemuel_crystal_altar,
          mainiacjoe_overflow_concentric_impassable, portal_sewer_entry_f
Sewer:    sewer_kobolds

Skill      XL: |  1  2  3  4 |
---------------+-------------+-----
Stealth        | 1 |  1.9
Bows           | 5 6 |  6.0
Invocations    | 1 |  1.4
Fighting       | |  2.4
Dodging        | |  2.1

Action                   |  1- 3 |  4- 6 || total
-------------------------+-------+-------++-------
Melee: Short sword       |    90 |    49 ||   139
       Headbutt          |    11 |     7 ||    18
       Punch             |     1 |       ||     1
 Fire: Shortbow          |       |     7 ||     7
  Use: Potion            |       |     1 ||     1
Armor: Leather armour    |    37 |    19 ||    56
Dodge: Dodged            |    65 |    27 ||    92
Block: Other             |       |     3 ||     3
